 Dungeon Crawl Stone Soup version 0.17-a0-1793-gcbb3aa1 (webtiles) character file.

13967 ololoev the Basher (level 11, -6/82 HPs)
             Began as a Yellow Draconian Skald on Sept 9, 2015.
             Was an Elder of Vehumet.
             Mangled by a hill giant
             ... wielding a +0 giant club
              (42 damage)
             ... on level 11 of the Dungeon.
             The game lasted 01:19:40 (19313 turns).

ololoev the Basher (Yellow Draconian Skald)        Turns: 19313, Time: 01:20:10

Health: -6/82      AC:  9    Str: 17    XL:     11   Next: 82%
Magic:  21/24      EV: 12    Int: 16    God:    Vehumet [****..]
Gold:   673        SH:  0    Dex: 10    Spells: 5 memorised, 17 levels left

rFire  . . .     SeeInvis +     a - +8 mithril axe "Arga" {speed, MR+ Str+2}
rCold  . . .     Clarity  .     (armour unavailable)
rNeg   + . .     SustAt   .     (no shield)
rPois  +         Gourm    +     (helmet restricted)
rElec  .         Spirit   .     d - +0 cloak
rCorr  +         Warding  .     q - +0 pair of gloves
rMut   .         Stasis   .     (no boots)
MR     +....                    p - amulet of the gourmand
Stlth  +.........               (no ring)
                                e - ring of positive energy

@: regenerating (expiring), somewhat resistant to hostile enchantments, very
unstealthy
A: spit acid, acid resistance, unfitting armour, stinger 1, see invisible,
poison resistance, cold-blooded, AC +7
a: Spit Acid, Renounce Religion


Innate Abilities, Weirdness & Mutations

You can spit globs of acid.
You are resistant to acid.
Your golden yellow scales are hard (AC +7).
Your body does not fit into most forms of armour.
You are cold-blooded and may be slowed by cold attacks.
Your tail ends in a poisonous barb.
You have supernaturally acute eyesight.
Your system is resistant to poisons.

Inventory:

Hand weapons
 a - the +8 mithril axe "Arga" (weapon) {speed, MR+ Str+2}
   (You found it on level 9 of the Dungeon)

   Attacks with this weapon are significantly faster.
   It affects your strength (+2).
   It affects your resistance to hostile enchantments.
 b - a +0 blowgun
 o - a +1 vampiric morningstar
Missiles
 u - 25 poisoned needles
Armour
 d - a +0 cloak (worn)
 q - a +0 pair of gloves (worn)
Magical staves
 f - an uncursed staff of wizardry
Jewellery
 e - a ring of positive energy (left hand)
 p - an amulet of the gourmand (around neck)
Magical devices
 s - a wand of draining (4)
 A - a wand of draining (5)
Scrolls
 j - a scroll of fog
 k - 5 scrolls of remove curse
 n - 3 scrolls of teleportation
 r - a scroll of enchant armour {unknown}
 v - 2 scrolls of recharging
 y - 2 scrolls of magic mapping
Potions
 g - 7 potions of brilliance
 h - 2 potions of degeneration {unknown}
 l - 3 potions of lignification
 x - a potion of poison {unknown}
 z - a potion of magic {unknown}
Comestibles
 c - 7 meat rations
 m - 7 royal jellies
 t - a slice of pizza
 w - 2 bread rations


   Skills:
 + Level 3.5 Fighting
 - Level 9.7(11.5) Axes
 - Level 10.2(11.8) Maces & Flails
 + Level 2.3 Dodging
 - Level 9.0 Spellcasting
 * Level 4.4 Conjurations
 - Level 2.6 Charms
 + Level 7.3 Air Magic


You had 17 spell levels left.
You knew the following spells:

 Your Spells              Type           Power        Failure   Level  Hunger
a - Shock                 Conj/Air       ####         1%          1    None
b - Song of Slaying       Chrm           ###.....     8%          2    None
c - Airstrike             Air            ####......   1%          4    ###....
d - Apportation           Tloc           #.........   12%         1    None
e - Regeneration          Chrm/Necr      ##........   17%         3    #......


You were on level 11 of the Dungeon.
You worshipped Vehumet.
Vehumet was greatly pleased with you.
You were very full.

You visited 2 branches of the dungeon, and saw 12 of its levels.
You also visited: Ossuary.

You collected 673 gold pieces.

#...###....#######....#
#...# #....# #....# #...#
#....# #....#
#...###...)#######....#
#.....................#####
..........................#
...............Y.Y......#
.........[...>C########.#
............).@# #.#
...............# #Y#
............<.########.#
..................Y...#
......................#
......................#
###...########).......# ..
#...###### #...# #...#

Notes
Turn   | Place    | Note
--------------------------------------------------------------
     0 | D:1      | ololoev the Draconian Skald began the quest for the Orb.
     0 | D:1      | Reached XP level 1. HP: 17/17 MP: 3/3
   334 | D:1      | Reached XP level 2. HP: 19/24 MP: 5/5
   338 | D:1      | Learned a level 2 spell: Song of Slaying
  1608 | D:2      | Found a glowing golden altar of the Shining One.
  1649 | D:2      | Reached skill level 3 in Maces & Flails
  1649 | D:2      | Reached XP level 3. HP: 21/29 MP: 1/7
  2213 | D:3      | Reached XP level 4. HP: 14/36 MP: 4/8
  2472 | D:3      | Gained mutation: Scrolls take you a little longer to read. [potion of mutation]
  2472 | D:3      | Gained mutation: Your tail ends in a poisonous barb. [potion of mutation]
  2472 | D:3      | Lost mutation: Scrolls take you a little longer to read. [potion of mutation]
  2614 | D:3      | Reached skill level 4 in Maces & Flails
  2614 | D:3      | Reached XP level 5. HP: 31/41 MP: 6/10
  3827 | D:4      | Noticed a phantom
  3844 | D:5      | Entered Level 5 of the Dungeon
  3884 | D:4      | Killed a phantom
  3884 | D:4      | Reached XP level 6. HP: 5/48 MP: 6/12
  4260 | D:4      | Found a shadowy altar of Dithmenos.
  4261 | D:4      | Noticed Sigmund
  4268 | D:4      | Killed Sigmund
  4268 | D:4      | Reached skill level 5 in Maces & Flails
  4543 | D:4      | Reached skill level 5 in Spellcasting
  4678 | D:4      | Your scales start taking on a golden yellow colour.
  4678 | D:4      | Reached XP level 7. HP: 18/55 MP: 5/14
  5056 | D:4      | Reached skill level 6 in Maces & Flails
  6046 | D:4      | Reached XP level 8. HP: 61/61 MP: 17/17
  6104 | D:4      | Reached skill level 7 in Maces & Flails
  6736 | D:5      | Noticed Edmund
  6760 | D:5      | Killed Edmund
  7006 | D:5      | Reached skill level 8 in Maces & Flails
  7090 | D:5      | Noticed a sky beast
  7106 | D:5      | Killed a sky beast
  7231 | D:5      | Found a glowing silver altar of Zin.
  7305 | D:5      | Noticed a centaur
  7320 | D:5      | Killed a centaur
  7485 | D:5      | Noticed Menkaure
  7501 | D:5      | Killed Menkaure
  7581 | D:5      | Noticed Nico3ck's ghost (experienced MiBe)
  7884 | D:5      | Reached XP level 9. HP: 64/67 MP: 17/20
  8054 | D:5      | Noticed a phantom
  8120 | D:5      | Killed a phantom
  8304 | D:5      | Noticed Blork the orc
  8314 | D:5      | Killed Blork the orc
  8361 | D:6      | Found a staircase to the Ecumenical Temple.
  8369 | Temple   | Entered the Ecumenical Temple
  8378 | Temple   | Became a worshipper of Vehumet
  8509 | D:6      | Noticed Turgon's ghost (experienced DsBe)
  8516 | D:6      | Found a sand-covered staircase.
  8520 | Ossuary  | Entered an ossuary
  8725 | Ossuary  | Acquired Vehumet's first power
  8725 | Ossuary  | Offered knowledge of Shock by Vehumet.
  8728 | Ossuary  | Learned a level 1 spell: Shock
  9223 | D:6      | Reached skill level 1 in Air Magic
  9290 | D:6      | Offered knowledge of Throw Flame by Vehumet.
  9391 | D:6      | Reached skill level 9 in Maces & Flails
 10319 | D:7      | Found a blossoming altar of Fedhas.
 10725 | D:7      | Found a basalt altar of Yredelemnul.
 10733 | D:7      | Found a white marble altar of Elyvilon.
 10733 | D:7      | Found a stormy altar of Qazlal.
 11425 | D:8      | Offered knowledge of Searing Ray by Vehumet.
 11502 | D:8      | Acquired Vehumet's second power
 11639 | D:8      | Noticed a tengu warrior
 11682 | D:7      | Reached skill level 10 in Maces & Flails
 11682 | D:7      | Reached skill level 1 in Conjurations
 11682 | D:7      | Reached XP level 10. HP: 73/73 MP: 22/22
 12465 | D:9      | Learned a level 1 spell: Apportation
 12469 | D:9      | Learned a level 3 spell: Regeneration
 12524 | D:9      | Found a staircase to the Lair.
 13019 | D:9      | Noticed a hill giant
 13103 | D:9      | Killed a hill giant
 13718 | D:9      | Reached skill level 5 in Axes
 14091 | D:9      | Identified Wiwav's Grimoire of Creation
 14202 | D:9      | Gained mutation: You have supernaturally acute eyesight. [potion of beneficial mutation]
 14203 | D:9      | Gained mutation: Your system is resistant to poisons. [potion of beneficial mutation]
 14295 | D:10     | Entered Level 10 of the Dungeon
 14319 | D:10     | Offered knowledge of Airstrike by Vehumet.
 14329 | D:10     | Learned a level 4 spell: Airstrike
 14824 | D:10     | Reached skill level 5 in Air Magic
 15231 | D:10     | Acquired Vehumet's third power
 15513 | D:10     | Noticed an unseen horror
 15531 | D:10     | Killed an unseen horror
 15531 | D:10     | Reached XP level 11. HP: 44/79 MP: 24/24
 15544 | D:10     | Offered knowledge of Dazzling Spray by Vehumet.
 16112 | D:10     | Noticed a hill giant
 16127 | D:10     | Noticed a hill giant
 16606 | D:10     | Killed a hill giant
 17211 | D:10     | Killed a hill giant
 17530 | D:11     | Noticed a hill giant
 17545 | D:11     | Killed a hill giant
 17866 | D:11     | Noticed an ice devil
 18842 | D:11     | Noticed a hill giant
 18881 | D:11     | Killed a hill giant
 19182 | D:11     | Noticed a hill giant
 19313 | D:11     | Mangled by a hill giant

Dungeon Overview and Level Annotations

Branches:
Dungeon (11/15)            Temple (1/1) D:6            Lair (0/8) D:9
    Orc: D:9-12

Altars:
Cheibriados
Dithmenos
Elyvilon
Fedhas
Gozag
Kikubaaqudgha
Makhleb
Nemelex Xobeh
Qazlal
Ru
Sif Muna
Vehumet
Yredelemnul
Zin
The Shining One

Annotations:
D:5 Nico3ck's ghost, experienced MiBe
D:8 Turgon's ghost, experienced DsBe


Message History

You slash the sheep!
The sheep is almost dead.
The sheep bites you!
You hit the sheep.
You kill the sheep!
Vehumet accepts your kill.
Casting: Song of Slaying
Confirm with . or Enter, or press ? or * to list all spells.
Your skin crawls.
You closely miss the sheep. The sheep barely misses you.
You slice the sheep!!
You kill the sheep!
Vehumet accepts your kill.
You slash the hill giant!
The hill giant is moderately wounded.
The hill giant hits you with a giant club!
You hit the hill giant but do no damage.
The hill giant is moderately wounded.
You hit the hill giant.
The hill giant is moderately wounded.
The hill giant hits you with a giant club!!!
Ouch! That really hurt!
Your skin is crawling a little less now.
Your skin stops crawling.
Use which ability?
You stop singing.
The hill giant hits you with a giant club!!
Unknown command.
Read which item? (? for menu, Esc to quit)
Okay, then.
You see here a giant spiked club.
All of the chunks of flesh in your inventory have rotted away.
You see here a short sword.
Casting: Regeneration
Confirm with . or Enter, or press ? or * to list all spells.
Your skin crawls.
Your skin is crawling a little less now.
The hill giant hits you with a giant club!!!
Ouch! That really hurt!
You die...

You could see a hill giant and a sheep.

Vanquished Creatures
  An unseen horror (D:10)
  5 hill giants
  A kobold demonologist (D:11)
  2 centaur skeletons
  A komodo dragon (D:11)
  A queen bee (D:10)
  A troll (D:10)
  2 two-headed ogres
  Sigmund (D:4)
  A wyvern (D:9)
  A hungry ghost (D:7)
  13 yaks
  Menkaure (D:5)
  A hippogriff (D:9)
  Edmund (D:5)
  2 black bears
  4 ogres
  4 orc warriors
  3 sky beasts
  2 ice beasts (D:7)
  4 phantoms
  6 big kobolds
  7 centaurs
  2 crocodiles
  Blork the orc (D:5)
  7 giant frogs
  A water moccasin skeleton (D:7)
  2 scorpions
  23 killer bees (D:10)
  5 wights
  3 crimson imps
  A centaur zombie (D:11)
  A giant frog zombie (D:11)
  2 giant frog skeletons
  8 hounds
  3 jellies
  2 gnoll shamans
  6 orc priests
  10 orc wizards
  8 worker ants
  6 iguanas
  2 sheep (D:11)
  2 big kobold zombies (Ossuary)
  2 mummies (Ossuary)
  3 worker ant zombies
  14 adders
  12 gnolls
  An ooze (D:4)
  2 adder skeletons (D:7)
  3 adder zombies (Ossuary)
  5 worms
  10 giant geckos
  52 orcs
  4 ball pythons
  7 giant cockroaches
  7 hobgoblins
  5 jackals
  7 bats
  A giant gecko skeleton (D:4)
  8 giant newts
  10 goblins
  2 goblin zombies (Ossuary)
  10 hobgoblin zombies (Ossuary)
  A jackal skeleton (D:4)
  A jackal zombie (Ossuary)
  52 kobolds
  5 kobold zombies (Ossuary)
  12 orc zombies (Ossuary)
  2 quokkas
  A quokka zombie (D:5)
  3 rats
  A rat zombie (Ossuary)
403 creatures vanquished.

Action                   |  1- 3 |  4- 6 |  7- 9 | 10-12 || total
-------------------------+-------+-------+-------+-------++-------
Melee: Mace              |   104 |    64 |       |       ||   168
       Flail             |       |   152 |   179 |       ||   331
       Whip              |       |       |   312 |       ||   312
       Morningstar       |       |       |   272 |   100 ||   372
       Broad axe         |       |       |       |   277 ||   277
 Fire: Blowgun           |       |       |    47 |    55 ||   102
 Cast: Infusion          |     3 |     8 |    19 |       ||    30
       Song of Slaying   |     1 |     7 |    17 |    12 ||    37
       Shock             |       |       |    13 |    13 ||    26
       Regeneration      |       |       |       |    19 ||    19
       Apportation       |       |       |       |     2 ||     2
       Airstrike         |       |       |       |    27 ||    27
 Abil: Spit Acid         |       |       |    43 |    40 ||    83
       Stop Singing      |       |       |     1 |     1 ||     2
Evoke: Wand              |       |       |       |     7 ||     7
  Use: Scroll            |     2 |     3 |     6 |     5 ||    16
       Potion            |       |    10 |     1 |    11 ||    22
 Stab: Sleeping          |     1 |       |     2 |       ||     3
       Invisible         |       |     2 |       |     2 ||     4
       Distracted        |       |       |       |     1 ||     1
  Eat: Bread ration      |     1 |       |     2 |     1 ||     4
       Meat ration       |       |     1 |       |       ||     1
       Chunk             |       |     3 |    35 |    47 ||    85
       Pizza             |       |       |     1 |       ||     1

Vault maps used:
D:1:      lemuel_arrival_rhombus, minivault_5
D:2:      nicolae_tso_swordbearing_angel, kennysheep_generic_room_4
D:3:      first_bread
D:4:      minmay_goblin_kobold_castle, nicolae_dithmenos_the_darkroom,
          uniq_sigmund
D:5:      kennysheep_mini_moat, uniq_blork_the_orc, uniq_edmund, uniq_menkaure
D:6:      lightli_ossuary_entry_decrepit_ruins
D:7:      overflow_temple_1_default, minitemple
D:9:      minmay_tri_box
D:10:     david_nohive_1
Temple:   circular_temple_12
Ossuary:  ossuary_tomb_1
